 Dungeon Crawl Stone Soup version 0.26-a0-1120-ga1b6d6fda9 (webtiles) character file.

Game seed: 8857506568537643605

51 Gildeon the Cudgeller (level 3, -5/23 HPs)
             Began as a Gargoyle Fighter on Dec 17, 2020.
             Slain by an orc
             ... wielding a +0 trident
              (6 damage)
             ... on level 3 of the Dungeon.
             The game lasted 00:04:22 (2026 turns).

Gildeon the Cudgeller (Gargoyle Fighter)            Turns: 2026, Time: 00:04:22

Health: -5/23      AC: 10    Str: 20    XL:     3   Next: 83%
Magic:  3/3        EV:  8    Int:  8    God:
Gold:   167        SH:  9    Dex:  9    Spells: 2/2 levels left

rFire    x . .     SeeInvis .   a - +0 morningstar
rCold    + + .     Faith    .   c - +0 kite shield
rNeg     + . .     Spirit   .   g - +2 ring mail {rC+}
rPois    ∞         Reflect  .   (no helmet)
rElec    +         Harm     .   (no cloak)
rCorr    .         Rampage  .   (no gloves)
Will     .....                  (no boots)
Stlth    ..........             (no amulet)
HPRegen  0.07/turn              h - ring of ice
MPRegen  0.08/turn              (no ring)

@: no status effects
A: negative energy resistance 1, electricity resistance, unbreathing,
petrification resistance, miasma immunity, AC +3
a: no special abilities


You were on level 3 of the Dungeon.
You visited 1 branch of the dungeon, and saw 3 of its levels.

You collected 167 gold pieces.

Inventory:

Hand Weapons
 a - a +0 morningstar (weapon)
Armour
 c - a +0 kite shield (worn)
 g - a +2 ring mail of cold resistance (worn)
Jewellery
 h - a ring of ice (left hand)
 k - a cursed amulet of inaccuracy {unknown}
Scrolls
 e - 3 scrolls of identify {unknown}
 i - a scroll of fear {unknown}
 j - 3 scrolls of remove curse {unknown}
 o - 3 scrolls of enchant armour {unknown}
Potions
 b - a potion of lignification {unknown}
 d - a potion of might
 f - a potion of mutation {unknown}
 l - a potion of brilliance {unknown}
 m - a potion of curing {unknown}
 n - a potion of heal wounds {unknown}


   Skills:
 - Level 3.2 Fighting
 + Level 4.0 Maces & Flails
 - Level 3.2 Armour
 - Level 3.2 Shields


You had 2 spell levels left.
You didn't know any spells.
Your spell library was empty.

Dungeon Overview and Level Annotations

Branches:
Dungeon (3/15)

Altars:


Innate Abilities, Weirdness & Mutations

You are resistant to torment.
Your stone body is resilient. (AC +3)
You are immune to poison.
You resist negative energy. (rN+)
You are resistant to electric shocks. (rElec)
You can survive without breathing.
You are immune to petrification.
You are immune to miasma.


Message History

* * * LOW HITPOINT WARNING * * *
You hit the orc priest.
The orc priest is heavily wounded.
You block the goblin's attack. The orc priest barely misses you.
The orc barely misses you. The orc hits you but does no damage.
The goblin hits you but does no damage.
You hit the orc priest.
The orc priest is heavily wounded.
The orc priest hits you.
* * * LOW HITPOINT WARNING * * *
The orc closely misses you. You block the goblin's attack.
You block the orc's attack.
The orc priest hits you but does no damage.
The orc hits you but does no damage.
You barely miss the orc priest.
The orc priest is heavily wounded.
The goblin hits you.
* * * LOW HITPOINT WARNING * * *
The orc hits you with a +0 trident.
You die...

### ###
##.####.. #
##.......#
#.#.....##.#
#........#<#
#..o@......#
#..goo...#.#
#)#.....##.#
# ##...###.#
$....## #..
....... ###
>###.## #.#
#.


You could see an orc priest, 2 orcs and a goblin.

Vanquished Creatures
  2 worms (D:2)
  An orc (D:3)
  A ball python (D:1)
  A giant cockroach (D:2)
  4 goblins
  4 hobgoblins
  2 jackals (D:2)
  11 kobolds
  A quokka (D:2)
  8 bats
  3 frilled lizards (D:2)
  3 rats
41 creatures vanquished.

Notes
Turn   | Place    | Note
-------+----------+-------------------------------------------
     0 | D:1      | Gildeon the Gargoyle Fighter began the quest for the Orb.
     0 | D:1      | Reached XP level 1. HP: 14/14 MP: 1/1
   315 | D:1      | Reached XP level 2. HP: 15/19 MP: 2/2
   576 | D:1      | Reached skill level 3 in Maces & Flails
  1156 | D:2      | Reached XP level 3. HP: 22/23 MP: 3/3
  1785 | D:2      | Reached skill level 4 in Maces & Flails
  2026 | D:3      | HP: 1/23 [goblin (1)]
  2026 | D:3      | Slain by an orc

Illustrated notes

Levels and vault maps discovered:
D:1:      dpeg_arrival_concentric_ovals, layout_loops_corners,
          minmay_hexomino_f4
D:2:      minmay_general_purpose_star, layout_loops_ring
D:3:      layout_loops_ring, kiku_gazebo_garden_becter, grunt_decor_clamped

Skill      XL: |  1  2  3 |
---------------+----------+-----
Maces & Flails | 3 4 |  4.0
Fighting       | |  3.2
Armour         | |  3.2
Shields        | |  3.2

Action                   || total
-------------------------++-------
Melee: Flail             ||   132
       Morningstar       ||    13
Armor: Scale mail        ||    58
       Ring mail         ||    57
Dodge: Dodged            ||    78
Block: Kite shield       ||    98

Table legend: (Time is in decaauts)
 A = Elapsed time spent in this place.
 B = Non-inter-level travel time spent in this place.
 C = Inter-level travel time spent in this place.
 D = Time resting spent in this place.
 E = Time spent auto-exploring this place.
 F = Levels seen in this place.
 G = Mean time per level.
                   A        B        C        D        E       F      G
               +--------+--------+--------+--------+--------+-----+--------+
         Total |   2075 |   2026 |     49 |      0 |   1551 |   3 |  691.7 |
       Dungeon |   2075 |   2026 |     49 |      0 |   1551 |   3 |  691.7 |
               +--------+--------+--------+--------+--------+-----+--------+

Top non-repeatable levels by time:
     D:1: 1122 daAuts
     D:2: 934 daAuts
     D:3: 18 daAuts
